 Dungeon Crawl Stone Soup version 0.24.0-37-gcf1ca852f1 (webtiles) character file.

Game seed: 6824155841745946548, levelgen mode: deterministic

73 Cryoshakespeare the Poker (level 4, -3/39 HPs)
             Began as a Naga Gladiator on Nov 23, 2019.
             Was an Initiate of Cheibriados.
             Slain by an iguana (6 damage)
             ... on level 3 of the Dungeon.
             The game lasted 00:02:47 (2181 turns).

Cryoshakespeare the Poker (Naga Gladiator)          Turns: 2181, Time: 00:02:47

Health: -3/39      AC:  4    Str: 18    XL:     4   Next: 27%
Magic:  13/13      EV:  9    Int: 10    God:    Cheibriados [......]
Gold:   163        SH:  0    Dex: 13    Spells: 3/3 levels left

rFire    . . .     SeeInvis +   a - +0 trident
rCold    . . .     Gourm    .   (no shield)
rNeg     . . .     Faith    .   o - +0 ring mail
rPois    +         Spirit   .   q - +0 helmet
rElec    .         Reflect  .   (no cloak)
rCorr    .         Harm     .   (no gloves)
MR       .....                  (no barding)
Stlth    +.........             (no amulet)
HPRegen  0.13/turn              i - ring of magical power
MPRegen  0.13/turn              (no ring)

@: very slow
A: large, see invisible, deformed body, poison resistance, slowness 2, slow
metabolism 1, spit poison 1, AC +1
a: Spit Poison, Bend Time, Renounce Religion


You were on level 3 of the Dungeon.
You worshipped Cheibriados.
Cheibriados was noncommittal.
You were not hungry.

You visited 1 branch of the dungeon, and saw 3 of its levels.

You collected 163 gold pieces.

Inventory:

Hand Weapons
 a - a +0 trident (weapon)
Missiles
 d - 3 throwing nets (quivered)
Armour
 c - a +0 helmet
 o - a +0 ring mail (worn)
 q - a +0 helmet (worn)
Jewellery
 i - a ring of magical power (left hand)
Scrolls
 b - a scroll of amnesia {unknown}
 e - 6 scrolls of identify {unknown}
 j - a scroll of teleportation {unknown}
 l - a scroll of remove curse {unknown}
 n - a scroll of fog {unknown}
 p - a scroll of fear {unknown}
 r - 2 scrolls of blinking {unknown}
 s - a scroll of magic mapping {unknown}
Potions
 g - a potion of ambrosia {unknown}
 h - 2 potions of curing {unknown}
 k - a potion of agility {unknown}
 m - a potion of berserk rage {unknown}
Comestibles
 f - 5 rations


   Skills:
 - Level 2.0 Fighting
 + Level 5.0 Polearms
 - Level 1.7 Throwing
 - Level 2.4 Dodging


You had 3 spell levels left.
You didn't know any spells.
Your spell library was empty.

Dungeon Overview and Level Annotations

Branches:
Dungeon (3/15)

Altars:
Ashenzari
Cheibriados


Innate Abilities, Weirdness & Mutations

You cannot wear boots.
Your serpentine skin is tough. (AC +1)
You have supernaturally acute eyesight. (SInv)
Armour fits poorly on your strangely shaped body.
Your system is resistant to poisons. (rPois)
You cover ground very slowly.
You have a slow metabolism.
You can spit poison.


Message History

You are too injured to fight recklessly!
You are too injured to fight recklessly!
You are too injured to fight recklessly!
You are too injured to fight recklessly!
You are too injured to fight recklessly!
Unknown command.
You barely miss the iguana.
The iguana is almost dead.
The iguana bites you but does no damage.
You closely miss the iguana.
The iguana is almost dead.
The iguana bites you.
You barely miss the iguana.
The iguana is almost dead.
The iguana bites you!
* * * LOW HITPOINT WARNING * * *
You hit the iguana but do no damage.
The iguana is almost dead.
The iguana bites you.
You die...

#...............####
#.........†.........
#..#########.######
#..# #.#.### #..#
##.#...# #..#####
##..#...##
#......#+#...#....#
####..##......#.#lg..#
......###.##.##.@##
......#
#..###....####.#
......#
+#...####......#
...<..#
#..###....####..#
......###.##.##..###.#
......##......#.#'...#
..........#+#...#.(..#
......##### ##..#...##
......# ##.#...#


You could see an iguana and a goblin.

Vanquished Creatures
  3 adders
  An ooze (D:2)
  A dart slug (D:1)
  A leopard gecko (D:3)
  A giant cockroach (D:1)
  2 goblins (D:1)
  9 hobgoblins
  4 jackals (D:1)
  A quokka (D:3)
  A bat (D:1)
  3 frilled lizards (D:1)
  7 kobolds
  5 rats
39 creatures vanquished.

Notes
Turn   | Place    | Note
-------+----------+-------------------------------------------
     0 | D:1      | Cryoshakespeare the Naga Gladiator began the quest for the
                  | Orb.
     0 | D:1      | Reached XP level 1. HP: 19/19 MP: 1/1
    32 | D:1      | Reached XP level 2. HP: 5/26 MP: 2/2
   577 | D:1      | Reached skill level 4 in Polearms
   604 | D:1      | Reached XP level 3. HP: 32/32 MP: 3/3
  1564 | D:2      | Found a snail-covered altar of Cheibriados.
  1643 | D:2      | Became a worshipper of Cheibriados the Contemplative
  1737 | D:2      | Reached XP level 4. HP: 39/39 MP: 4/4
  1767 | D:2      | Found a shattered altar of Ashenzari.
  1988 | D:3      | Reached skill level 5 in Polearms
  2181 | D:3      | Slain by an iguana

Levels and vault maps discovered:
D:1:      dpeg_arrival_lava_temple_mockup, layout_rooms,
          kennysheep_pointless_box
D:2:      layout_basic, cheibriados_altar_1, ashenzari_altar_1
D:3:      layout_basic, grunt_temple_overflow_diamond, grunt_decor_one_mirror,
          minmay_pentangle, uniq_ijyb

Skill      XL: |  1  2  3  4 |
---------------+-------------+-----
Polearms       | 4 5 |  5.0
Fighting       | |  2.0
Throwing       | |  1.7
Dodging        | |  2.4

Action                   |  1- 3 |  4- 6 || total
-------------------------+-------+-------++-------
Melee: Trident           |   111 |    36 ||   147
  Use: Potion            |     1 |       ||     1
 Stab: Sleeping          |     1 |       ||     1
  Eat: Ration            |       |     1 ||     1
Armor: Leather armour    |    16 |       ||    16
       Ring mail         |     1 |     9 ||    10
Dodge: Dodged            |    52 |    12 ||    64
